 Dungeon Crawl Stone Soup version 0.18.1-50-g88ac8fd (webtiles) character file.

102 maniek23 the Sneak (level 4, -8/23 HPs)
             Began as a Spriggan Assassin on Sept 27, 2016.
             Killed from afar by Sigmund (10 damage)
             ... with a puff of flame
             ... on level 2 of the Dungeon.
             The game lasted 00:04:58 (2182 turns).

maniek23 the Sneak (Spriggan Assassin)              Turns: 2182, Time: 00:04:59

Health: -8/23      AC:  3    Str:  7    XL:     4   Next: 49%
Magic:  5/5        EV: 18    Int: 12    God:
Gold:   87         SH:  0    Dex: 18    Spells: 0 memorised, 3 levels left

rFire  . . .     SeeInvis +     a - +2 dagger
rCold  . . .     Gourm    .     c - +0 robe
rNeg   . . .     Faith    .     (shield restricted)
rPois  .         Spirit   .     (helmet restricted)
rElec  .         Dismiss  .     d - +0 cloak
rCorr  .         Reflect  .     (gloves unavailable)
SustAt .         Harm     .     (boots unavailable)
MR     .....                    (no amulet)
Stlth  ++++......               (no ring)
                                (no ring)

@: very quick, not resistant to hostile enchantments, stealthy
A: unfitting armour, see invisible, herbivore 3, speed 3, slow metabolism 2
a: no special abilities


You were on level 2 of the Dungeon.
You were not hungry.

You visited 1 branch of the dungeon, and saw 2 of its levels.

You collected 87 gold pieces.

Inventory:

Hand Weapons
 a - a +2 dagger (weapon)
 b - a +0 blowgun
Missiles
 e - a poisoned needle
 f - 2 curare-tipped needles
 k - 37 stones (quivered)
 m - 12 sling bullets
Armour
 c - a +0 robe (worn)
 d - a +0 cloak (worn)
 n - a shadow dragon hide
Scrolls
 h - a scroll of fear {unknown}
 l - a scroll of teleportation {unknown}
 p - a scroll of magic mapping {unknown}
 q - a scroll of identify {unknown}
 r - a scroll of random uselessness {unknown}
Potions
 i - 2 potions of flight {unknown}
 j - a potion of cure mutation {unknown}
Comestibles
 g - 2 bread rations
 o - 3 fruits


   Skills:
 + Level 2.2 Fighting
 * Level 3.2 Short Blades
 + Level 2.2 Throwing
 + Level 2.6 Dodging
 + Level 7.1 Stealth


You had 3 spell levels left.
You didn't know any spells.

Dungeon Overview and Level Annotations

Branches:
Dungeon (2/15)

Altars:

Annotations:
D:2 Sigmund


Innate Abilities, Weirdness & Mutations

You are tiny and cannot use many weapons and most armour.
You have supernaturally acute eyesight.
You are a herbivore.
You cover ground extremely quickly.
You need consume almost no food.


Message History

Aim: Sigmund, wielding a scythe and wearing a robe (heavily wounded, poisoned, slightly transparent, unusually resistant)
You throw a stone. The stone closely misses Sigmund.
Sigmund is no longer unusually resistant.
Sigmund points at you and mumbles some strange words.
You easily resist.
Throwing (i - inventory):
k - 39 stones (quivered)
Press: ? - help, Shift-Dir - straight line, f/p - Sigmund
Aim: Sigmund, wielding a scythe and wearing a robe (heavily wounded, poisoned, slightly transparent)
You throw a stone. The stone closely misses Sigmund.
Sigmund points at you and mumbles some strange words.
The puff of flame hits you!
* * * LOW HITPOINT WARNING * * *
e - a poisoned needle Throwing (i - inventory):
k - 38 stones (quivered)
Press: ? - help, Shift-Dir - straight line, f/p - Sigmund
Aim: Sigmund, wielding a scythe and wearing a robe (heavily wounded, poisoned, slightly transparent)
You throw a stone. The stone barely misses Sigmund.
Sigmund casts a spell at you. The puff of flame hits you!
You die...

...# .# #.#.#.#.#.###########
#..# .# #.......#.# #..# .#
###.#.###.# ..... .# #.#.# #.#
...#########.#.###.############
.#.............##.............#
.#..###........##..##########....
.#..##.###.#(.###..# # .#..##.#
#......@..# .......###.#..###.##
.##.###...##..# #.# .##.#
######..###@# .##.# #(.....# ###
# .##.#########(##### #.. .#
..#...........# ##?###.##
#.###.........# #...#...#. #.
#...#####.# #.8...8...


You could see Sigmund (invisible).

Vanquished Creatures
  Natasha (D:2)
  4 adders (D:2)
  An ooze (D:2)
  2 worms (D:2)
  2 dart slugs (D:1)
  2 giant geckos (D:2)
  2 goblins (D:1)
  2 hobgoblins
  A quokka (D:2)
  2 bats
  5 giant newts
  3 kobolds
  6 rats
33 creatures vanquished.

Notes
Turn   | Place    | Note
--------------------------------------------------------------
     0 | D:1      | maniek23 the Spriggan Assassin began the quest for the Orb.
     0 | D:1      | Reached XP level 1. HP: 10/10 MP: 2/2
    83 | D:1      | Reached skill level 6 in Stealth
   474 | D:1      | Reached XP level 2. HP: 15/15 MP: 3/3
  1376 | D:2      | Reached XP level 3. HP: 18/18 MP: 4/4
  1530 | D:2      | Noticed Natasha
  1547 | D:2      | Killed Natasha
  1547 | D:2      | Reached skill level 7 in Stealth
  1547 | D:2      | Reached XP level 4. HP: 5/23 MP: 5/5
  2115 | D:2      | Noticed Sigmund
  2169 | D:2      | HP: 1/23 [Sigmund/puff of flame (7)]
  2182 | D:2      | Killed from afar by Sigmund

Skill      XL: |  1  2  3  4 |
---------------+-------------+-----
Stealth        | 6 7 |  7.1
Dodging        | 2 |  2.6
Fighting       | 2 |  2.2
Short Blades   | 3 |  3.2
Throwing       | |  2.2

Action                   |  1- 3 |  4- 6 || total
-------------------------+-------+-------++-------
Melee: Dagger            |    92 |    28 ||   120
 Fire: Blowgun           |       |     8 ||     8
Throw: Stone             |     7 |    11 ||    18
 Stab: Sleeping          |    16 |       ||    16
       Distracted        |     1 |       ||     1
Armor: Robe              |     6 |     4 ||    10
Dodge: Dodged            |    58 |    27 ||    85
